Map: [TLMC19] Crimson Court

Players

Spirit (souL)

  • Race: Terran Terran
  • League: Master
  • Spawn Location: 7:00

LiquidClem (Clem) - Winner!

  • Race: Terran Terran
  • League: Grandmaster
  • Spawn Location: 1:00

VOD

Have the link to the VOD?

Description

Time

  • Played on: Dec. 21, 2023, 12:27 p.m.
  • Length: 19:59
Show
View Real Time Build Order
Export as new Build Order

Spirit Terran 

Build Orders: Cyclone Opening, Reaper Expand 

Get SALT Encoding   

  12  0:00  SCV  
  13  0:12  SCV  
  14  0:17  Supply Depot  
  14  0:24  SCV  
  15  0:38  SCV  
  15  0:40  Barracks  
  16  0:44  Refinery  
  16  0:51  SCV  
  17  1:03  SCV  
  18  1:15  SCV  
  19  1:27  Orbital Command  
  19  1:28  Reaper  
  20  1:39  Command Center  
  20  1:49  Supply Depot  
  20  1:53  SCV  
  21  2:00  Marine  
  22  2:05  SCV  
  22  2:06  Factory  
  23  2:12  Refinery  
  23  2:19  Marine, Bunker  
  23  2:21  SCV  
  25  2:34  SCV  
  26  2:37  Barracks Reactor  
  26  2:46  SCV  
  26  2:50  Cyclone  
  29  2:52  Orbital Command  
  29  2:58  SCV  
  29  3:10  SCV  
  27  3:22  SCV  
  27  3:26  SCV, Starport  
  29  3:29  Refinery  
  29  3:34  SCV  
  29  3:38  SCV, Cyclone  
  29  3:39  Cyclone  
  35  3:46  SCV  
  35  3:47  Barracks Tech Lab  
  35  3:48  Supply Depot  
  36  3:51  SCV  
  37  3:58  SCV  
  37  4:01  Command Center  
  38  4:03  SCV  
  39  4:10  SCV  
  39  4:15  SCV  
  39  4:16  Cyclone x2  
  43  4:18  Raven  
  43  4:20  Interference Matrix  
  43  4:22  SCV  
  46  4:27  SCV  
  46  4:29  Barracks Tech Lab, Supply Depot  
  47  4:35  SCV  
  48  4:39  SCV  
  49  4:47  Supply Depot, SCV  
  49  4:51  SCV  
  49  4:52  Raven, Cyclone x2  
  55  4:59  SCV  
  56  5:01  Marine, Stimpack  
  56  5:03  SCV  
  58  5:08  Barracks  
  58  5:09  Barracks  
  58  5:10  Refinery  
  58  5:11  SCV  
  59  5:15  Orbital Command  
  59  5:18  SCV  
  61  5:24  Cyclone  
  61  5:26  Raven, Cyclone  
  66  5:29  SCV  
  66  5:32  Marine  
  68  5:38  SCV, Engineering Bay  
  68  5:39  Engineering Bay  
  68  5:42  Orbital Command  
  69  5:45  SCV  
  69  5:49  Marine  
  70  5:50  Supply Depot, SCV  
  70  5:51  Supply Depot  
  72  5:57  SCV, Barracks Reactor  
  72  6:02  SCV  
  74  6:05  Barracks  
  74  6:06  Barracks  
  74  6:08  Terran Infantry Weapons Level 1, Terran Infantry Armor Level 1  
  74  6:09  SCV x2  
  76  6:14  Siege Tank  
  76  6:15  SCV, Marine  
  76  6:16  Starport Reactor  
  81  6:19  Marine x2  
  81  6:21  SCV  
  81  6:24  SCV  
  80  6:33  Marine  
  80  6:34  Marine  
  80  6:35  SCV  
  80  6:37  SCV, Marine x3  
  80  6:38  SCV  
  72  6:46  Siege Tank  
  70  6:51  Marine  
  70  6:52  Marine  
  61  6:54  Marine  
  61  6:55  SCV, Marine x2  
  61  6:58  Combat Shield  
  59  7:09  Marine  
  59  7:10  Marine  
  59  7:12  Marine  
  59  7:13  Marine x2  
  65  7:18  Siege Tank  
  65  7:20  Medivac x2  
  65  7:22  Barracks Reactor  
  69  7:25  SCV  
  69  7:26  Barracks Reactor  
  69  7:27  SCV, Marine  
  69  7:28  SCV, Marine  
  74  7:30  Marine x2  
  74  7:31  Marine  
  77  7:37  SCV  
  77  7:39  SCV  
  77  7:40  SCV  
  80  7:44  Marine  
  80  7:46  Marine  
  80  7:48  Marine x3  
  80  7:49  SCV  
  80  7:50  Siege Tank  
  89  7:52  SCV x2  
  89  7:53  Supply Depot x2  
  89  7:57  Medivac  
  93  8:03  Supply Depot x2  
  93  8:14  SCV x2, Marine x9, Medivac  
  93  8:15  SCV  
  107  8:20  Supply Depot  
  107  8:26  Supply Depot, SCV x2  
  109  8:27  SCV  
  109  8:32  Marine x5  
  108  8:34  Marine  
  108  8:38  Siege Tank, Marine  
  108  8:39  SCV x2  
  112  8:42  Marine  
  112  8:43  Marine  
  112  8:44  SCV  
  108  8:50  Marine x2  
  104  8:55  Medivac  
  104  8:56  Medivac  
  104  8:57  SCV  
  104  8:58  Armory  
  104  8:59  SCV x2, Marine  
  104  9:00  Marine  
  104  9:02  Marine  
  108  9:04  Marine  
  108  9:06  Marine  
  108  9:09  SCV  
  107  9:10  Siege Tank  
  107  9:11  Marine  
  107  9:14  Marine  
  107  9:15  SCV  
  108  9:18  SCV, Marine  
  103  9:25  Marine, Medivac  
  103  9:26  Marine x4  
  103  9:31  SCV, Marine  
  111  9:32  Marine  
  111  9:35  Liberator  
  111  9:36  Marine x2  
  118  9:42  Siege Tank  
  118  9:43  Marine  
  122  9:48  Terran Infantry Weapons Level 2  
  122  9:49  Marine  
  122  9:50  Marine x3  
  122  9:51  Marine  
  112  9:53  Marine  
  112  9:54  Marine x2  
  112  9:56  Medivac  
  112  9:59  SCV  
  118  10:01  Marine  
  118  10:02  SCV  
  120  10:07  Marine  
  120  10:13  Marine  
  122  10:17  Terran Infantry Armor Level 2  
  122  10:18  Marine x2  
  122  10:19  SCV  
  120  10:21  Marine  
  120  10:23  Marine x2  
  120  10:26  Siege Tank  
  127  10:31  SCV, Marine  
  129  10:36  Marine  
  129  10:38  Refinery  
  129  10:40  Refinery  
  129  10:42  Marine  
  128  10:44  Command Center  
  128  10:47  Marine  
  127  10:50  Marine x2  
  127  10:51  Marine  
  127  10:55  Marine x3  
  127  10:56  Marine  
  134  10:58  Siege Tank  
  134  11:01  Marine  
  135  11:05  Marine  
  135  11:08  Marine x2  
  135  11:09  Marine  
  128  11:13  Marine x4  
  114  11:18  Marine  
  114  11:22  Marine  
  116  11:26  Marine x2  
  116  11:27  Marine  
  116  11:28  SCV x3  
  116  11:30  Siege Tank  
  116  11:31  Marine x4  
  121  11:36  Marine  
  113  11:40  SCV, Marine  
  113  11:44  Marine x2, Medivac  
  113  11:45  Marine  
  114  11:47  Medivac  
  114  11:49  Marine x4  
  120  11:55  Sensor Tower  
  120  12:00  Marine, Factory, Sensor Tower  
  121  12:04  Siege Tank  
  124  12:09  Marine x3  
  124  12:12  SCV x2  
  124  12:13  Marine  
  124  12:14  Marine  
  131  12:17  Marine  
  131  12:19  SCV  
  130  12:25  SCV, Marine  
  130  12:27  SCV, Sensor Tower  
  133  12:31  SCV  
  133  12:37  Siege Tank  
  137  12:39  Marine  
  137  12:41  Marine  
  137  12:42  Marine x2  
  137  12:43  Planetary Fortress  
  141  12:44  Marine  
  141  12:49  Marine  
  141  12:50  SCV  
  141  12:52  SCV  
  141  12:55  Marine  
  141  12:56  Sensor Tower  
  143  12:59  Marine  
  143  13:03  Marine x6  
  141  13:07  Marine  
  141  13:09  Siege Tank  
  130  13:13  Marine  
  130  13:17  Marine  
  130  13:19  Factory Tech Lab  
  132  13:20  Marine  
  132  13:21  Marine x2, Terran Infantry Weapons Level 3  
  132  13:22  Marine x3  
  138  13:28  Terran Infantry Armor Level 3  
  138  13:33  Terran Vehicle Weapons Level 1  
  138  13:37  Refinery  
  138  13:38  Marine x4, Refinery, Command Center  
  138  13:39  Marine  
  143  13:42  SCV  
  143  13:43  SCV x2  
  143  13:44  Marine  
  148  13:49  Marine x3  
  148  13:56  Marine x4  
  148  13:57  SCV, Marine  
  148  13:59  Viking  
  148  14:00  Viking  
  148  14:02  Marine  
  156  14:10  Marine x3  
  156  14:13  Siege Tank  
  156  14:14  Marine x2  
  156  14:17  Marine  
  164  14:34  Siege Tank  
  164  14:36  Marine x2  
  164  14:37  Marine  
  164  14:38  Marine x2  
  164  14:44  SCV, Marine x2  
  164  14:45  Marine  
  164  14:49  Siege Tank, Marine, Viking x2  
  172  14:53  Supply Depot  
  172  14:54  Supply Depot, SCV, Marine x2  
  172  14:55  Marine  
  172  14:56  Marine x2  
  178  15:02  Marine x2  
  178  15:03  Marine  
  174  15:07  Marine  
  174  15:12  Marine x2  
  174  15:13  Marine  
  175  15:14  Marine x2  
  175  15:19  Liberator  
  175  15:20  Marine x2  
  175  15:21  Marine  
  181  15:25  Marine  
  173  15:29  Marine  
  173  15:30  Marine  
  173  15:32  Marine  
  173  15:35  Marine x2  
  164  15:37  Marine  
  164  15:38  Marine x2  
  164  15:41  Orbital Command  
  153  15:44  Marine  
  153  15:47  Marine x2  
  110  15:50  Marine  
  110  15:53  Marine x2  
  110  15:55  Marine  
  110  15:56  Marine x2  
  111  15:58  Planetary Fortress  
  111  16:02  Marine  
  112  16:05  Marine  
  112  16:07  SCV x2  
  112  16:08  Marine  
  116  16:12  Medivac  
  116  16:17  Medivac  
  120  16:19  Marine x2  
  120  16:20  Sensor Tower  
  122  16:25  Siege Tank  
  122  16:27  SCV  
  122  16:28  SCV x2, Marine x3  
  122  16:30  Marine  
  122  16:32  Marine  
  133  16:36  Marine x2  
  133  16:37  Marine x2  
  134  16:44  SCV  
  134  16:46  Marine x3  
  138  16:48  Marine  
  138  16:49  Marine  
  138  16:54  Marine x2  
  138  16:55  SCV x3, Marine x2  
  138  16:56  SCV  
  138  16:58  Medivac  
  138  17:00  Medivac  
  149  17:03  Marine  
  149  17:04  Marine x2  
  149  17:06  Marine  
  149  17:07  SCV, Marine  
  155  17:11  Marine  
  155  17:12  Marine  
  155  17:13  Marine x2  
  159  17:21  Marine  
  159  17:22  Marine x2  
  161  17:24  Marine  
  161  17:25  Marine  
  161  17:29  Marine x2  
  162  17:30  Marine  
  162  17:31  Marine  
  155  17:39  Marine x2  
  155  17:40  Marine  
  155  17:42  Marine  
  155  17:43  Marine  
  144  17:45  Siege Tank x2  
  144  17:46  Viking x2  
  144  17:47  Marine x2  
  144  17:48  Marine x2  
  153  17:57  Marine x3  
  152  17:59  Marine  
  152  18:01  Marine  
  152  18:05  Marine x2  
  154  18:06  Marine x2  
  156  18:15  Marine x3  
  156  18:17  Marine  
  156  18:18  Marine  
  160  18:22  Siege Tank  
  160  18:23  Starport, Marine x2  
  160  18:24  Marine x2  
  167  18:32  Marine  
  167  18:33  Marine x2  
  170  18:35  Marine  
  170  18:36  Marine  
  170  18:40  Marine, Medivac x2  
  170  18:41  Marine  
  165  18:42  Marine x2  
  165  18:46  Orbital Command  
  165  18:50  Marine  
  165  18:51  Siege Tank, Marine x2  
  165  18:53  Marine  
  165  18:54  Marine  
  173  18:58  Marine x2  
  173  18:59  Marine  
  173  19:00  Marine  
  177  19:08  Marine x2  
  177  19:09  Marine  
  180  19:22  Marine x2  
  180  19:29  Marine x3  
  180  19:30  Marine x3  
  180  19:31  Marine  
  162  19:40  Marine x2  
Show
View Real Time Build Order
Export as new Build Order

LiquidClem Terran - Winner!

Build Orders: Cyclone Opening 

Get SALT Encoding   

  12  0:00  SCV  
  13  0:12  SCV  
  14  0:17  Supply Depot  
  14  0:24  SCV  
  15  0:38  SCV  
  15  0:39  Barracks  
  16  0:43  Refinery  
  16  0:50  SCV  
  16  0:52  Refinery  
  17  1:03  SCV  
  18  1:15  SCV  
  19  1:26  Reaper  
  19  1:27  Orbital Command  
  19  1:30  Supply Depot  
  20  1:42  Factory  
  20  1:52  SCV  
  21  1:59  Reaper  
  22  2:04  SCV  
  23  2:18  Command Center  
  23  2:22  SCV  
  24  2:28  Cyclone  
  26  2:36  SCV  
  27  2:39  Starport  
  27  2:45  Barracks Reactor  
  27  2:48  Supply Depot  
  27  2:50  SCV  
  28  3:00  Cyclone  
  30  3:11  SCV  
  31  3:19  Medivac  
  32  3:23  SCV  
  32  3:27  Refinery  
  32  3:29  Orbital Command  
  32  3:32  Barracks Tech Lab  
  32  3:35  SCV  
  33  3:41  Cyclone  
  33  3:45  Cyclone  
  33  3:47  SCV  
  38  3:55  SCV  
  39  3:57  Barracks Tech Lab  
  39  3:59  SCV  
  39  4:01  Supply Depot  
  40  4:06  Raven  
  40  4:08  SCV  
  43  4:11  SCV  
  42  4:17  Cyclone  
  42  4:18  Cyclone  
  42  4:20  SCV  
  42  4:23  SCV  
  48  4:24  Supply Depot  
  48  4:27  Interference Matrix  
  48  4:33  SCV  
  48  4:35  SCV  
  50  4:44  Raven  
  50  4:45  SCV  
  53  4:48  Command Center  
  53  4:50  SCV  
  54  4:53  Cyclone  
  54  4:57  SCV  
  54  4:58  Cyclone  
  59  5:02  Supply Depot, SCV  
  60  5:09  SCV  
  61  5:14  SCV  
  61  5:15  Supply Depot  
  61  5:19  Raven  
  64  5:22  SCV  
  64  5:26  SCV, Cyclone  
  68  5:29  Barracks  
  68  5:30  Barracks  
  68  5:34  SCV  
  68  5:35  Cyclone  
  71  5:39  Refinery  
  71  5:40  Supply Depot  
  71  5:42  SCV  
  72  5:46  SCV  
  72  5:48  Stimpack  
  72  5:49  Marine  
  74  5:52  Supply Depot  
  74  5:54  SCV  
  75  5:58  SCV  
  75  6:01  Orbital Command  
  76  6:06  SCV, Starport Reactor  
  76  6:07  Marine  
  78  6:15  Barracks  
  78  6:16  Barracks  
  78  6:17  SCV  
  79  6:18  Barracks Reactor  
  79  6:21  SCV  
  75  6:26  SCV  
  75  6:27  Marine  
  75  6:31  Marine  
  69  6:34  Siege Tank  
  71  6:40  SCV  
  71  6:41  SCV  
  71  6:42  Marine  
  71  6:44  SCV  
  71  6:45  Marine  
  73  6:48  Marine  
  71  6:54  SCV  
  71  6:56  SCV, Marine  
  71  6:59  Viking  
  71  7:00  Medivac  
  77  7:01  SCV  
  77  7:04  Engineering Bay  
  77  7:08  SCV  
  79  7:09  SCV  
  79  7:11  Marine x2, Barracks Reactor x2  
  79  7:12  Engineering Bay  
  79  7:15  SCV  
  82  7:18  Marine x2  
  82  7:20  SCV  
  82  7:21  Siege Tank  
  88  7:23  SCV, Marine  
  88  7:27  SCV  
  91  7:31  Terran Infantry Weapons Level 1  
  91  7:32  Supply Depot, SCV  
  91  7:34  Marine x2  
  91  7:36  Marine  
  95  7:38  Terran Infantry Armor Level 1  
  95  7:41  SCV, Missile Turret  
  95  7:42  SCV  
  95  7:43  Missile Turret  
  97  7:44  SCV  
  97  7:47  Liberator, Medivac  
  97  7:48  Marine x2  
  105  7:51  Marine  
  105  7:52  Supply Depot, Marine x3  
  105  7:54  Marine x2  
  111  8:02  Refinery x2  
  111  8:03  Marine  
  112  8:06  Marine  
  112  8:08  Supply Depot  
  112  8:10  Siege Tank  
  112  8:11  SCV x3, Marine x2  
  121  8:12  Marine  
  121  8:13  Marine  
  121  8:14  Marine  
  121  8:17  Marine  
  121  8:18  Supply Depot  
  125  8:20  Marine  
  125  8:21  Marine  
  125  8:23  SCV x3  
  125  8:24  Marine  
  122  8:34  Marine  
  122  8:36  Marine x5  
  122  8:38  SCV, Marine  
  123  8:42  SCV, Marine, Siege Tank  
  123  8:44  Medivac  
  123  8:45  SCV  
  123  8:47  Marine  
  116  8:50  SCV  
  116  8:52  Marine  
  116  8:55  Marine  
  106  8:56  SCV, Marine x5  
  106  9:00  Marine  
  112  9:06  Armory  
  112  9:07  SCV x2  
  112  9:08  Marine  
  109  9:10  Marine  
  109  9:12  Marine  
  109  9:14  Siege Tank  
  98  9:17  Marine x4  
  98  9:18  Marine  
  98  9:21  SCV, Marine  
  98  9:24  SCV  
  94  9:28  Barracks Tech Lab, Marine  
  94  9:29  Viking, Medivac  
  94  9:30  Marine  
  96  9:33  SCV  
  96  9:34  SCV  
  96  9:35  Marine x2  
  96  9:36  SCV  
  96  9:37  Marine  
  102  9:40  Marine x2  
  102  9:41  Marine  
  104  9:46  SCV, Marine  
  104  9:47  Siege Tank  
  104  9:51  SCV, Marine x2  
  104  9:52  SCV, Marine  
  95  9:54  Terran Infantry Weapons Level 2  
  95  9:57  Combat Shield  
  95  9:58  SCV, Marine  
  98  10:02  Terran Infantry Armor Level 2  
  98  10:04  SCV  
  98  10:05  SCV, Marine  
  101  10:07  Marine  
  101  10:08  Marine  
  101  10:10  SCV, Marine  
  98  10:14  Medivac  
  98  10:15  Marine x2  
  98  10:17  Marine x2  
  98  10:18  SCV  
  98  10:19  SCV  
  104  10:21  Marine  
  104  10:22  Marine  
  104  10:25  Siege Tank  
  104  10:26  Marine  
  107  10:30  Marine  
  107  10:32  Marine  
  107  10:35  Marine  
  110  10:37  Viking  
  110  10:41  Command Center  
  110  10:42  Marine x2  
  114  10:45  Marine x2  
  114  10:46  Marine  
  114  10:48  Medivac  
  115  10:51  Sensor Tower  
  115  10:54  Marine  
  115  10:55  Marine x3  
  119  11:02  Marine  
  119  11:03  Siege Tank  
  123  11:09  Marine x2  
  110  11:11  Marine  
  110  11:12  Marine  
  110  11:17  Marine x2  
  110  11:18  Marine  
  111  11:19  Marine  
  111  11:24  Marine  
  110  11:26  Marine  
  110  11:28  Marine  
  110  11:29  Marine  
  110  11:30  Marine  
  104  11:35  Siege Tank, Marine x2  
  104  11:38  SCV x3  
  98  11:42  Marine  
  98  11:45  Marine x2  
  100  11:48  Marine x2  
  100  11:50  SCV x3  
  100  11:51  Marine  
  106  11:54  Factory  
  106  11:57  Liberator  
  106  11:59  Liberator, Barracks Reactor  
  112  12:02  Terran Vehicle Weapons Level 1  
  112  12:07  Marine x4  
  116  12:09  Marine x2  
  118  12:18  Siege Tank, Marine  
  118  12:20  SCV  
  123  12:26  Terran Infantry Weapons Level 3  
  123  12:27  SCV  
  123  12:28  SCV  
  115  12:32  Planetary Fortress  
  115  12:34  SCV  
  116  12:42  Siege Tank  
  116  12:43  Marine  
  120  12:49  Marine  
  120  12:51  Missile Turret  
  121  12:52  Marine  
  121  12:53  Siege Tank  
  121  12:57  Marine  
  126  12:59  SCV, Sensor Tower  
  126  13:01  SCV x2  
  126  13:04  Marine  
  126  13:05  Marine  
  117  13:07  Marine  
  117  13:10  Marine  
  117  13:11  SCV, Marine  
  117  13:12  Marine  
  120  13:13  SCV, Marine  
  120  13:16  SCV  
  120  13:18  SCV  
  124  13:22  Terran Infantry Armor Level 3  
  124  13:25  Marine x4  
  127  13:31  Siege Tank, Marine x2  
  132  13:35  Siege Tank  
  132  13:36  Marine  
  132  13:38  Marine x2  
  138  13:49  Marine x2  
  139  13:56  Marine, Command Center  
  139  13:57  Marine  
  139  13:58  Marine x6  
  139  14:02  Viking  
  146  14:04  Viking  
  146  14:06  Terran Vehicle Weapons Level 2  
  146  14:07  Marine x2  
  150  14:13  Marine  
  150  14:15  Starport  
  151  14:17  Starport  
  151  14:23  Siege Tank  
  154  14:24  Marine x2  
  154  14:25  Marine  
  154  14:26  Marine  
  154  14:30  Marine x3  
  150  14:34  Marine  
  150  14:35  Siege Tank  
  150  14:37  Medivac x2  
  150  14:38  Marine x2  
  159  14:42  Marine x2  
  159  14:43  Marine  
  159  14:44  Marine  
  154  14:47  Marine x2  
  154  14:48  Marine  
  154  14:52  Marine  
  156  14:55  Siege Tank, Marine  
  156  14:56  Viking  
  163  15:00  Marine  
  164  15:07  Marine x4, Viking  
  164  15:08  Siege Tank  
  164  15:09  Marine  
  158  15:40  Siege Tank, Marine  
  158  15:41  Orbital Command  
  158  15:42  Siege Tank, Marine x2  
  155  15:43  Viking  
  155  15:45  Marine x3  
  155  15:47  Marine  
  155  15:48  Marine  
  125  15:52  Marine, Viking  
  125  15:54  Marine  
  118  16:04  Liberator  
  121  16:11  Planetary Fortress  
  121  16:12  Siege Tank  
  121  16:13  Marine  
  121  16:16  Marine  
  126  16:19  Marine  
  126  16:21  Marine  
  126  16:22  Marine  
  126  16:25  Marine  
  130  16:26  Marine x4  
  134  16:37  Siege Tank  
  137  16:42  Medivac  
  137  16:45  Marine x2  
  137  16:46  Marine  
  140  16:48  Marine x3  
  140  16:49  Marine  
  140  16:50  Marine  
  145  16:54  Siege Tank  
  145  16:56  Marine x2, Sensor Tower  
  150  17:01  Orbital Command  
  150  17:03  Marine x2  
  150  17:04  Marine  
  150  17:07  Marine x2  
  155  17:18  Orbital Command, Viking  
  156  17:31  Marine x2  
  156  17:32  Marine  
  156  17:33  SCV, Marine x2  
  156  17:34  Marine x3  
  156  17:35  Marine  
  156  17:36  Marine  
  155  17:42  SCV  
  156  17:52  Supply Depot, Sensor Tower  
  156  17:56  Supply Depot  
  156  18:03  Supply Depot  
  156  18:04  Marine x7  
  156  18:05  SCV  
  164  18:17  Marine x3  
  164  18:18  SCV x3, Viking  
  164  18:19  Supply Depot  
  172  18:24  Siege Tank, Marine x3, Viking  
  180  18:34  Marine  
  180  18:36  Marine  
  180  18:38  SCV, Marine x3  
  180  18:39  Siege Tank  
  180  18:41  Marine x2, Viking  
  182  18:42  Marine x3  
  186  18:51  Supply Depot  
  186  18:52  Marine  
  186  18:53  Supply Depot  
  186  18:54  Marine  
  174  18:55  Marine x2  
  174  18:56  Marine  
  174  18:58  Supply Depot, Marine  
  174  18:59  Supply Depot, Marine  
  174  19:00  SCV, Marine x2, Refinery x2  
  174  19:02  SCV  
  183  19:05  SCV, Marine  
  185  19:12  Siege Tank  
  185  19:13  SCV, Marine x2  
  189  19:21  Marine x3  
  192  19:26  Siege Tank, Marine x3  
  192  19:27  Marine  
  192  19:30  SCV  
  192  19:31  SCV  
  190  19:33  SCV  
  190  19:34  Marine  
Tags
 
Add a new tag
Caveats
  • Supply blocks, unpowered buildings, or Contaminate may cause inaccurate times.
  • Supply counts are checked every 10 seconds.